 Dungeon Crawl Stone Soup version 0.32-a0-32-g978bd804de (webtiles) character file.

Game seed: 12179879817805705575

123580 shadizar the Blocker (level 16, -6/131 HPs)
             Began as a Gnoll Fighter on Jan 20, 2024.
             Was an Elder of Okawaru.
             Succumbed to Mara's poison
             ... on level 4 of the Shoals.
             The game lasted 00:59:58 (27604 turns).

shadizar the Blocker (Gnoll Fighter)               Turns: 27604, Time: 00:59:59

Health: -6/131     AC: 32    Str: 27    XL:     16   Next: 90%
Magic:  27/31      EV: 13    Int: 11    God:    Okawaru [****..]
Gold:   2239       SH: 20    Dex: 12    Spells: 38/38 levels left

rFire   . . .        o - +10 spear of Hubris {heavy, rC+}
rCold   + . .        r - +0 tower shield
rNeg    . . .        l - +0 plate armour
rPois   .            D - +2 helmet
rElec   .            v - scarf of Hezecy {+Inv, +Blink Will++}
rCorr   .            N - +1 pair of gloves {hurl}
SInv    .            O - +2 pair of boots of Recklessness {Int+2}
Will    +++..        M - amulet "Guhisute" {Regen+ Str+5}
Stlth   ++           s - +4 ring of slaying
HPRegen 1.21/turn    x - +4 ring of protection
MPRegen 0.22/turn

%: no passive effects
@: mighty, lethally poisoned (-6 -> -33), heroic, finesse-ful
A: fangs 1, strong nose, distributed training
a: Renounce Religion, Evoke Blink, Evoke Invisibility, Heroism, Finesse


You were on level 4 of the Shoals.
You worshipped Okawaru.
Okawaru was greatly pleased with you.
You visited 5 branches of the dungeon, and saw 26 of its levels.
You also visited: Gauntlet.

You collected 2374 gold pieces.
You spent 135 gold pieces at shops.

Inventory:

Hand Weapons
 o - the +10 spear of Hubris (weapon) {heavy, rC+}
   (You found it on level 2 of the Dungeon)

   rC+:       It protects you from cold.
 z - a +8 demon trident
 J - a +1 eveningstar of pain
 L - the +6 long sword of the Healing Gods {antimagic, Fly rF+++ Dex-3 Stlth-}
   (You found it on level 4 of the Shoals)

   Dex-3:     It affects your dexterity (-3).
   rF+++:     It renders you almost immune to fire.
   Fly:       It grants you flight.
   Stlth-:    It makes you less stealthy.
 P - the +4 sling of Ointment {freeze, SInv}
   (You took it off a minotaur in a Gauntlet)

   SInv:      It lets you see invisible.
Missiles
 Q - 3 throwing nets (quivered)
Armour
 l - a +0 plate armour (worn)
 q - a +1 cloak
 r - a +0 tower shield (worn)
 v - the scarf of Hezecy (worn) {+Inv, +Blink Will++}
   (You acquired it on level 2 of the Lair of Beasts)

   Will++:    It greatly increases your willpower.
   +Blink:    It lets you blink.
 D - a +2 helmet (worn)
 F - the +0 plate armour "Reusulor" {Harm rPois Slay-4 SInv}
   (You found it on level 4 of the Lair of Beasts)

   Slay-4:    It affects your accuracy & damage with ranged weapons and melee
   (-4).
   rPois:     It protects you from poison SInv: It lets you see invisible.
   Harm:      It increases damage dealt and taken.
 K - a +2 ring mail of cold resistance
 N - a +1 pair of gloves of hurling (worn)
 O - the +2 pair of boots of Recklessness (worn) {Int+2}
   (You found it in a Gauntlet)

   Int+2:     It affects your intelligence (+2).
Jewellery
 b - a +6 ring of intelligence
 s - a +4 ring of slaying (left hand)
 x - a +4 ring of protection (right hand)
 C - a ring of protection from cold
 M - the amulet "Guhisute" (around neck) {Regen+ Str+5}
   (You found it in a Gauntlet)

   [amulet of regeneration]

   Str+5:     It affects your strength (+5).
   Regen+:    It increases your rate of health regeneration.
Wands
 h - a wand of acid (16)
 k - a wand of flame (6)
 p - a wand of polymorph (13)
 y - a wand of digging (7)
 B - a wand of iceblast (25)
 R - a wand of paralysis (6)
Scrolls
 f - 8 scrolls of revelation
 i - 4 scrolls of poison
 u - 3 scrolls of fear
 w - 8 scrolls of teleportation
 E - 4 scrolls of fog
 G - 2 scrolls of enchant weapon
 I - 5 scrolls of identify
 S - 2 scrolls of blinking
Potions
 a - 2 potions of magic
 d - a potion of might
 e - 7 potions of curing
 g - 8 potions of ambrosia
 j - 3 potions of berserk rage
 m - a potion of invisibility
 n - a potion of brilliance
 t - 6 potions of enlightenment
 A - 2 potions of haste
Miscellaneous
 c - a phial of floods


   Skills:
 + Level 13.2(18.2) Fighting
 + Level 11.6(16.6) Short Blades
 + Level 11.6(16.6) Long Blades
 + Level 11.6(16.6) Axes
 + Level 12.5(17.5) Maces & Flails
 + Level 11.6(16.6) Polearms
 + Level 11.6(16.6) Staves
 + Level 11.6(16.6) Ranged Weapons
 + Level 11.6(16.6) Throwing
 + Level 13.2(18.2) Armour
 + Level 11.6(16.6) Dodging
 + Level 11.6(16.6) Stealth
 + Level 13.2(18.2) Shields
 + Level 11.6(16.6) Unarmed Combat
 + Level 11.6 Spellcasting
 + Level 9.8 Conjurations
 + Level 9.8 Hexes
 + Level 9.8 Summonings
 + Level 9.8 Necromancy
 + Level 9.8 Translocations
 + Level 9.8 Fire Magic
 + Level 9.8 Ice Magic
 + Level 9.8 Air Magic
 + Level 9.8 Earth Magic
 + Level 9.8 Alchemy
 + Level 12.6 Invocations
 + Level 11.6 Evocations
 + Level 10.7 Shapeshifting


You had 38 spell levels left.
You didn't know any spells.
Your spell library contained the following spells:

 Spells                   Type           Power      Damage    Failure   Level
 Magic Dart               Conj           100%       1d8       1%          1
 Shock                    Conj/Air       100%       1d9       1%          1
 Slow                     Hex            100%       N/A       1%          1
 Blink                    Tloc           56%        N/A       2%          2
 Cigotuvi's Dreadful Rot  Necr/Alch/Air  56%        N/A       2%          2
 Ensorcelled Hibernation  Hex/Ice        56%        N/A       2%          2
 Lesser Beckoning         Tloc           56%        N/A       2%          2
 Momentum Strike          Conj/Tloc      56%        3d9       2%          2
 Sublimation of Blood     Necr           28%        N/A       2%          2
 Confusing Touch          Hex            28%        N/A       5%          3
 Dazzling Flash           Conj/Hex       56%        N/A       5%          3
 Hailstorm                Conj/Ice       28%        3d8       5%          3
 Ozocubu's Armour         Ice            28%        N/A       5%          3
 Passwall                 Erth           28%        N/A       5%          3
 Sigil of Binding         Hex            28%        N/A       5%          3
 Stone Arrow              Conj/Erth      56%        3d10      5%          3
 Swiftness                Air            28%        N/A       5%          3
 Vampiric Draining        Necr           28%        2d8       5%          3
 Volatile Blastmotes      Fire/Tloc      56%        2d14      5%          3
 Airstrike                Air            14%        2d(2-18)  19%         4
 Brom's Barrelling Bould  Conj/Erth      28%        2d5       19%         4
 Vhi's Electric Charge    Tloc/Air       56%        N/A       19%         4
 Arcjolt                  Conj/Air       14%        1d24      45%         5
 Borgnjor's Vile Clutch   Necr/Erth      14%        N/A       45%         5
 Fireball                 Conj/Fire      14%        3d8       45%         5
 Iskenderun's Battlesphe  Conj           28%        2d8       45%         5
 Metabolic Englaciation   Hex/Ice        14%        N/A       45%         5
 Bombard                  Conj/Erth      14%        9d3       95%         6
 Conjure Ball Lightning   Conj/Air       14%        3x3d6     95%         6
 Starburst                Conj/Fire      14%        6d6       95%         6
 Orb of Destruction       Conj           14%        9d7       100%        7
 Lehudib's Crystal Spear  Conj/Erth      14%        10d5      100%        8
 Maxwell's Capacitive Co  Air            14%        ∞         100%        8
 Call Imp                 Summ           Unusable   N/A       N/A         2
 Summon Ice Beast         Ice/Summ       Unusable   N/A       N/A         3
 Animate Armour           Summ/Erth      Unusable   N/A       N/A         4
 Sculpt Simulacrum        Ice/Alch       Unusable   N/A       N/A         6
 Spellforged Servitor     Conj/Summ      Unusable   N/A       N/A         7

Dungeon Overview and Level Annotations

Branches:
Dungeon (14/15)            Temple (1/1) D:6            Lair (5/5) D:10
 Shoals (4/4) Lair:3       Spider (0/4) Lair:2        Slime (0/5) Lair:4
    Orc (2/2) D:11            Elf (0/3) Orc:2        Vaults (0/5) D:14
Gauntlet (visited)

Altars:
Ashenzari
Cheibriados
Dithmenos
Elyvilon
Fedhas
Gozag
Hepliaklqana
Kikubaaqudgha
Makhleb
Nemelex Xobeh
Okawaru
Qazlal
Ru
Sif Muna
Trog
Uskayaw
Vehumet
Wu Jian
Xom
Yredelemnul
Zin
The Shining One
Jiyva

Shops:
D:5 *   Orc:2 *[*

Annotations:
Lair:2 exclusion: 4 oklob plants
Lair:5 exclusion: obsidian statue
Shoals:4 Mara


Innate Abilities, Weirdness & Mutations

You have very sharp teeth.
Your uncanny sense of smell can sniff out nearby items.
Your experience applies equally to all skills.


Message History

Mara hits you from afar with a +4 demon trident of venom.
* * * LOW HITPOINT WARNING * * *
You are lethally poisoned!
The alligator snapping turtle bites you from afar!!
* * * LOW HITPOINT WARNING * * *
Unknown command.
You feel much better.
* * * LOW HITPOINT WARNING * * *
You feel extremely sick. Shadizar's illusion closely misses you.
A sphinx comes into view.
You block Mara's attack.
Mara blinks!
Unknown command.
You feel much better.
You feel extremely sick.
The sphinx shouts!
You block shadizar's illusion's attack.
You block the alligator snapping turtle's attack.
The sphinx mumbles some strange words.
You resist with almost no effort.
You block the merfolk javelineer's attack.
Mara gestures.
Mara hits you from afar with a +4 demon trident of venom!!
* * * LOW HITPOINT WARNING * * *
You are more poisoned.
You block Mara's attack.
Mara blinks!
* * * LOW HITPOINT WARNING * * *
You feel extremely sick.
Shadizar's illusion hits you but does no damage.
You block the alligator snapping turtle's attack.
The merfolk javelineer throws a silver javelin.
The silver javelin pierces through you.
* * * LOW HITPOINT WARNING * * *
x2 Mara blinks!
Unknown command.
Unknown command.
Unknown command.
Unknown command.
Unknown command.
You die...

≈≈≈≈≈≈≈≈≈≈≈≈≈≈≈
≈≈≈≈≈≈≈≈≈≈≈≈≈≈≈≈≈≈≈≈≈≈≈≈
≈≈≈≈≈≈≈≈≈≈≈≈≈≈≈≈≈≈≈≈≈≈≈≈
≈≈≈≈≈≈≈≈≈≈≈≈≈≈≈≈≈≈≈≈≈≈≈≈
≈≈≈≈≈≈≈≈≈≈≈≈≈≈≈≈H≈≈≈≈≈≈≈
≈≈≈≈≈≈≈≈≈≈≈≈≈≈≈≈≈≈≈≈≈≈≈≈
~~~~~~~~~~~~~~~~~~~~≈≈≈≈≈
~~..........P)...~~~~≈≈≈≈
~...P..<......@<..~~~~≈≈≈
...#.......m..#....~~~~≈≈
...##....)))@.)#P..~~~~≈≈
....P....~.tP.R§...~~~~≈≈
~......)#R.R.....P~~~~~≈≈
~.P~....#).#..~...~~~~~≈≈≈≈
~~~~~~~#...#~~~~~~~~~~~≈≈≈≈≈≈
.#.......~.#''###.#~~~~≈≈≈≈≈≈
.####...#...#~...####~~~≈≈≈≈≈≈≈


You could see an alligator snapping turtle, 2 Maras, a sphinx, a merfolk
javelineer and shadizar's illusion (strong).

Vanquished Creatures
  Louise (D:14)
  A formless jellyfish (Shoals:3)
  A minotaur (Gauntlet)
  A blizzard demon (Gauntlet)
  A merfolk javelineer (Shoals:1)
  5 merfolk impalers
  Josephine (D:10)
  8 vault guards (D:14)
  2 hydras
  4 ogre magi (Orc:2)
  Erolcha (D:10)
  2 merfolk avatars
  A catoblepas (Lair:2)
  5 two-headed ogres
  3 boulder beetles
  4 centaur warriors
  4 satyrs
  3 merfolk aquamancers
  4 death yaks
  A thrashing horror (Gauntlet)
  Urug (D:10)
  Amaemon (Lair:3)
  Sonja (Lair:3)
  3 skeletal warriors (D:14)
  A spectral anaconda (Lair:5)
  A spectral death yak (Lair:5)
  6 skysharks
  6 sea snakes
  2 orc knights (Orc:2)
  11 manticores
  13 harpies
  3 deep elf pyromancers
  Pikel (D:5)
  3 necromancers (Lair:5)
  3 ugly things
  2 cyclopes
  9 fauns
  4 orc sorcerers
  7 merfolk sirens
  13 elephants
  4 kobold blastminers
  2 slime creatures (D:12)
  Joseph (D:10)
  4 black mambas
  2 orange demons
  A rust devil (D:12)
  6 gargoyles
  11 komodo dragons
  11 cane toads
  6 rime drakes
  An unseen horror (D:11)
  3 kobold demonologists
  2 tengu conjurers (D:13)
  2 ice devils
  A polar bear (Lair:1)
  The ghost of mooncake the Trooper, an amateur MiBe of Trog (D:5)
  35 merfolk
  A hellwing (D:12)
  A queen bee (D:9)
  3 trolls
  3 wind drakes
  6 snapping turtles
  18 blink frogs
  A dire elephant simulacrum (Lair:5)
  A spriggan (shapeshifter) (D:14)
  2 vampires
  A culicivora (Lair:2)
  3 wraiths (D:10)
  30 yaks
  7 wyverns
  2 shadows (D:11)
  9 water elementals
  11 wargs (Orc:2)
  A basilisk (Lair:1)
  A steam dragon (D:8)
  8 vampire mosquitoes (D:12)
  3 small abominations (Gauntlet)
  A spectral cane toad (Lair:5)
  Edmund (D:5)
  15 water moccasins
  An acid dragon (D:9)
  A swamp drake (shapeshifter) (D:13)
  2 elephant zombies (Lair:5)
  2 ice beasts
  3 sky beasts
  18 orc warriors
  5 black bears
  5 ogres (Orc:2)
  2 laughing skulls (D:14)
  10 wolves
  15 centaurs
  2 elephant skeletons (Lair:5)
  2 phantoms (D:5)
  A kobold brigand (D:5)
  16 bullfrogs
  2 gnoll sergeants
  3 cane toad simulacra (Lair:5)
  4 scorpions
  5 wights (D:5)
  30 killer bees
  8 howler monkeys
  A crimson imp (D:12)
  3 bombardier beetles
  4 hounds
  A jelly (Gauntlet)
  15 orc priests
  4 iguanas
  3 sleepcaps
  27 orc wizards
  19 gnolls
  11 adders
  2 white imps
  3 ufetubi
  5 dart slugs
  83 orcs
  7 bats
  4 endoplasms
  3 giant cockroaches (D:1)
  6 goblins
  9 hobgoblins
  2 jackals (D:2)
  3 quokkas
  5 ball pythons
  3 frilled lizards
  15 kobolds
  3 rats
  A butterfly (Lair:3)
745 creatures vanquished.

Notes
Turn   | Place    | Note
-------+----------+-------------------------------------------
     0 | D:1      | shadizar the Gnoll Fighter began the quest for the Orb.
     0 | D:1      | Reached XP level 1. HP: 23/23 MP: 1/1
    45 | D:1      | Reached XP level 2. HP: 29/29 MP: 2/2
   371 | D:1      | Reached XP level 3. HP: 35/35 MP: 3/3
   572 | D:2      | Reached skill level 1 in Invocations
   577 | D:2      | Reached skill level 1 in Short Blades
   577 | D:2      | Reached skill level 1 in Long Blades
   577 | D:2      | Reached skill level 1 in Axes
   577 | D:2      | Reached skill level 1 in Polearms
   577 | D:2      | Reached skill level 1 in Staves
   577 | D:2      | Reached skill level 1 in Ranged Weapons
   577 | D:2      | Reached skill level 1 in Throwing
   577 | D:2      | Reached skill level 1 in Dodging
   577 | D:2      | Reached skill level 1 in Stealth
   577 | D:2      | Reached skill level 1 in Unarmed Combat
   577 | D:2      | Reached skill level 1 in Spellcasting
   577 | D:2      | Reached skill level 1 in Evocations
   581 | D:2      | Reached skill level 1 in Shapeshifting
   581 | D:2      | Reached XP level 4. HP: 33/41 MP: 5/5
   753 | D:2      | Reached skill level 1 in Conjurations
   753 | D:2      | Reached skill level 1 in Hexes
   753 | D:2      | Reached skill level 1 in Summonings
   753 | D:2      | Reached skill level 1 in Necromancy
   753 | D:2      | Reached skill level 1 in Translocations
   753 | D:2      | Reached skill level 1 in Fire Magic
   753 | D:2      | Reached skill level 1 in Ice Magic
   753 | D:2      | Reached skill level 1 in Air Magic
   753 | D:2      | Reached skill level 1 in Earth Magic
   753 | D:2      | Reached skill level 1 in Alchemy
   918 | D:2      | Identified the +10 spear of Hubris {heavy, rC+}
  1182 | D:3      | Found an ornate altar of the Wu Jian Council.
  1200 | D:3      | Reached XP level 5. HP: 27/47 MP: 5/7
  1436 | D:3      | Found a faded altar of an unknown god.
  1446 | D:3      | Reached XP level 6. HP: 50/53 MP: 8/8
  1460 | D:3      | Found a snail-covered altar of Cheibriados.
  1460 | D:3      | Found a shimmering altar of Xom.
  1462 | D:3      | Found a shimmering blue altar of Sif Muna.
  1462 | D:3      | Found a hide-covered altar of Uskayaw.
  1503 | D:3      | Found a white marble altar of Elyvilon.
  1573 | D:3      | Noticed a water moccasin
  1584 | D:3      | Killed a water moccasin
  1585 | D:3      | Reached skill level 5 in Maces & Flails
  2393 | D:4      | Reached XP level 7. HP: 60/60 MP: 10/10
  2950 | D:5      | Entered Level 5 of the Dungeon
  2976 | D:5      | Noticed Edmund
  2983 | D:5      | Killed Edmund
  3097 | D:5      | Found a stormy altar of Qazlal.
  3097 | D:5      | Found an ancient bone altar of Kikubaaqudgha.
  3245 | D:5      | Reached XP level 8. HP: 67/67 MP: 12/12
  3436 | D:5      | Noticed Pikel
  3447 | D:5      | Killed Pikel
  3601 | D:5      | Found a runed translucent gate.
  3601 | D:5      | Found a runed translucent gate.
  3601 | D:5      | Found a runed translucent gate.
  3602 | D:5      | Noticed mooncake's ghost (amateur MiBe)
  3620 | D:5      | Found Hafis's CLEARANCE SALE!.
  3665 | D:5      | Reached XP level 9. HP: 73/73 MP: 14/14
  3899 | D:5      | Killed mooncake's ghost
  4307 | D:6      | Reached skill level 5 in Invocations
  4334 | D:6      | Found a staircase to the Ecumenical Temple.
  4357 | Temple   | Entered the Ecumenical Temple
  4373 | Temple   | Became a worshipper of Warmaster Okawaru
  5347 | D:7      | Reached * piety under Okawaru
  5421 | D:7      | Reached skill level 5 in Short Blades
  5421 | D:7      | Reached skill level 5 in Long Blades
  5421 | D:7      | Reached skill level 5 in Axes
  5421 | D:7      | Reached skill level 5 in Polearms
  5421 | D:7      | Reached skill level 5 in Staves
  5421 | D:7      | Reached skill level 5 in Ranged Weapons
  5421 | D:7      | Reached skill level 5 in Throwing
  5421 | D:7      | Reached skill level 5 in Dodging
  5421 | D:7      | Reached skill level 5 in Stealth
  5421 | D:7      | Reached skill level 5 in Unarmed Combat
  5421 | D:7      | Reached skill level 5 in Spellcasting
  5421 | D:7      | Reached skill level 5 in Evocations
  5421 | D:7      | Reached XP level 10. HP: 81/81 MP: 17/17
  5621 | D:7      | Found an opulent altar of Gozag.
  6664 | D:9      | Reached skill level 5 in Shapeshifting
  6760 | D:9      | Reached ** piety under Okawaru
  6789 | D:9      | Noticed a two-headed ogre
  6796 | D:9      | Killed a two-headed ogre
  6796 | D:9      | Reached *** piety under Okawaru
  7186 | D:9      | Reached skill level 5 in Conjurations
  7186 | D:9      | Reached skill level 5 in Hexes
  7186 | D:9      | Reached skill level 5 in Summonings
  7186 | D:9      | Reached skill level 5 in Necromancy
  7186 | D:9      | Reached skill level 5 in Translocations
  7186 | D:9      | Reached skill level 5 in Fire Magic
  7186 | D:9      | Reached skill level 5 in Ice Magic
  7186 | D:9      | Reached skill level 5 in Air Magic
  7186 | D:9      | Reached skill level 5 in Earth Magic
  7186 | D:9      | Reached skill level 5 in Alchemy
  7188 | D:9      | Reached XP level 11. HP: 83/89 MP: 18/20
  7768 | D:10     | Entered Level 10 of the Dungeon
  7793 | D:10     | Noticed Erolcha
  7859 | D:10     | Killed Erolcha
  7917 | D:10     | Noticed Joseph
  7941 | D:10     | Killed Joseph
  7956 | D:10     | Found a staircase to the Lair.
  8127 | D:10     | Noticed Urug
  8139 | D:10     | Killed Urug
  8165 | D:10     | Noticed Josephine
  8175 | D:10     | Killed Josephine
  8415 | D:10     | Reached **** piety under Okawaru
  8542 | D:10     | Noticed a two-headed ogre
  8548 | D:10     | Killed a two-headed ogre
  8672 | D:10     | You fall into a shaft and drop 1 floor!
  9113 | Lair:1   | Entered Level 1 of the Lair of Beasts
  9122 | Lair:1   | Reached ***** piety under Okawaru
  9123 | Lair:1   | Reached XP level 12. HP: 69/97 MP: 22/22
  9313 | Lair:1   | Received a gift from Okawaru
  9610 | Lair:1   | Reached skill level 10 in Fighting
  9610 | Lair:1   | Reached skill level 10 in Armour
  9610 | Lair:1   | Reached skill level 10 in Shields
 10175 | Lair:1   | Noticed a boulder beetle
 10192 | Lair:1   | Killed a boulder beetle
 10621 | Lair:2   | Noticed a skyshark
 10629 | Lair:2   | Killed a skyshark
 10754 | Lair:2   | Found an ancient bone altar of Kikubaaqudgha.
 10794 | Lair:2   | Found a hole to the Spider Nest.
 11213 | Lair:2   | Identified a scroll of acquirement
 11213 | Lair:2   | Acquired the scarf of Hezecy {+Inv, +Blink Will++}
 11372 | Lair:2   | Noticed a catoblepas
 11384 | Lair:2   | Killed a catoblepas
 11852 | Lair:3   | Noticed a four-headed hydra
 11864 | Lair:3   | Killed a four-headed hydra
 11865 | Lair:3   | Reached XP level 13. HP: 76/104 MP: 23/25
 11887 | Lair:3   | Found a staircase to the Shoals.
 12686 | Lair:3   | Noticed Sonja
 12713 | Lair:3   | Received a gift from Okawaru
 12717 | Lair:3   | Killed Sonja
 12888 | Lair:3   | Identified the +1 robe "Beluokom" {rPois Int-3 Slay+2
                  | Stlth+}
 12888 | Lair:3   | Noticed Amaemon
 12898 | Lair:3   | Killed Amaemon
 13208 | Lair:3   | Got Emosale's Parchment of the Mountains and the Grave
 13223 | Lair:3   | Identified the +0 ring mail "Iweruerph" {rN+ Regen+ Str-5}
 13823 | Lair:3   | Reached skill level 10 in Maces & Flails
 14495 | Lair:4   | Identified the +0 plate armour "Reusulor" {Harm rPois
                  | Slay-4 SInv}
 14600 | Lair:4   | Found a viscous altar of Jiyva.
 14600 | Lair:4   | Found a staircase to the Slime Pits.
 15240 | Lair:5   | Entered Level 5 of the Lair of Beasts
 15462 | Lair:4   | Received a gift from Okawaru
 15720 | Lair:5   | Reached XP level 14. HP: 111/113 MP: 27/27
 15728 | Lair:5   | Reached skill level 10 in Invocations
 18187 | D:11     | Found a staircase to the Orcish Mines.
 18357 | Orc:1    | Entered Level 1 of the Orcish Mines
 18499 | Orc:2    | Entered Level 2 of the Orcish Mines
 18500 | Orc:2    | Found a gate leading to a gauntlet.
 18534 | Gauntlet | Entered a Gauntlet
 18534 | Gauntlet | Found a transporter.
 18534 | Gauntlet | Found a transporter.
 18537 | Gauntlet | Found a transporter.
 18538 | Gauntlet | Found a transporter.
 18539 | Gauntlet | Found a transporter.
 18540 | Gauntlet | Found a large runed translucent door.
 18541 | Gauntlet | Found a large runed translucent door.
 18542 | Gauntlet | Found a large runed translucent door.
 18542 | Gauntlet | Found a large runed translucent door.
 18542 | Gauntlet | Found a runed translucent door.
 18542 | Gauntlet | Found a runed translucent door.
 18543 | Gauntlet | Found a large runed translucent door.
 18543 | Gauntlet | Found a large runed translucent door.
 18543 | Gauntlet | Found a large runed translucent door.
 18543 | Gauntlet | Found a large runed translucent door.
 18544 | Gauntlet | Found a large runed translucent door.
 18544 | Gauntlet | Found a large runed translucent door.
 18545 | Gauntlet | Found a large runed translucent door.
 18545 | Gauntlet | Found a large runed translucent door.
 18546 | Gauntlet | Found a runed translucent gate.
 18546 | Gauntlet | Found a runed translucent gate.
 18546 | Gauntlet | Found a runed translucent gate.
 18548 | Gauntlet | Found a transporter.
 18552 | Gauntlet | Found a transporter.
 18564 | Gauntlet | Found a transporter.
 18594 | Gauntlet | Found a large runed translucent door.
 18594 | Gauntlet | Found a large runed translucent door.
 18597 | Gauntlet | Found a large runed translucent door.
 18597 | Gauntlet | Found a large runed translucent door.
 18653 | Gauntlet | Found a transporter.
 18663 | Gauntlet | Found a transporter.
 18667 | Gauntlet | Found a transporter.
 18677 | Gauntlet | Found a transporter.
 18874 | Gauntlet | Identified the amulet "Guhisute" {Regen+ Str+5}
 18988 | Gauntlet | Identified the +2 pair of boots of Recklessness {Int+2}
 19109 | Gauntlet | Identified the +4 sling of Ointment {freeze, SInv}
 19285 | Orc:2    | Found a staircase to the Elven Halls.
 19991 | Orc:2    | Found Wuihemar's Antique Armour Shoppe.
 20082 | Orc:2    | Reached skill level 10 in Short Blades
 20082 | Orc:2    | Reached skill level 10 in Long Blades
 20082 | Orc:2    | Reached skill level 10 in Axes
 20082 | Orc:2    | Reached skill level 10 in Polearms
 20082 | Orc:2    | Reached skill level 10 in Staves
 20082 | Orc:2    | Reached skill level 10 in Ranged Weapons
 20082 | Orc:2    | Reached skill level 10 in Throwing
 20082 | Orc:2    | Reached skill level 10 in Dodging
 20082 | Orc:2    | Reached skill level 10 in Stealth
 20082 | Orc:2    | Reached skill level 10 in Unarmed Combat
 20082 | Orc:2    | Reached skill level 10 in Spellcasting
 20082 | Orc:2    | Reached skill level 10 in Evocations
 20171 | Orc:2    | Reached XP level 15. HP: 80/120 MP: 29/29
 20264 | Orc:2    | Found Rocruc's General Store.
 20300 | Orc:2    | Found Eshrod's General Store.
 22679 | D:14     | Found a gate to the Vaults.
 22800 | D:14     | Received a gift from Okawaru
 22911 | D:14     | Noticed Louise
 22934 | D:14     | Killed Louise
 23634 | Shoals:1 | Entered Level 1 of the Shoals
 23846 | Shoals:1 | Reached skill level 10 in Shapeshifting
 23884 | Shoals:1 | Reached XP level 16. HP: 129/129 MP: 30/30
 24335 | Orc:2    | Bought a scroll of enchant armour for 135 gold pieces
 25537 | Shoals:2 | Identified the +6 quarterstaff of Ylec {elec, *Rage rF++}
 26371 | Shoals:3 | Paralysed by a formless jellyfish for 1 turns
 26374 | Shoals:3 | Paralysed by a formless jellyfish for 1 turns
 26382 | Shoals:3 | Received a gift from Okawaru
 27065 | Shoals:4 | Entered Level 4 of the Shoals
 27101 | Shoals:4 | Identified the +6 long sword of the Healing Gods
                  | {antimagic, Fly rF+++ Dex-3 Stlth-}
 27414 | Shoals:4 | Noticed Mara
 27426 | Shoals:4 | Noticed shadizar's illusion
 27589 | Shoals:4 | Noticed shadizar's illusion
 27600 | Shoals:4 | HP: 6/131 [alligator snapping turtle (25)]
 27601 | Shoals:4 | Noticed a sphinx
 27603 | Shoals:4 | HP: 2/131 [merfolk javelineer/silver javelin (1)]
 27604 | Shoals:4 | Succumbed to Mara's poison

Illustrated notes

Levels and vault maps discovered:
D:1:      dpeg_arrival_pond, layout_rooms, minmay_hexomino_f4
D:2:      layout_rooms, nicolae_titane
D:3:      layout_basic, nicolae_overflow_hidden_temple,
          mainiacjoe_overflow_alcove_3, elyvilon_altar_4,
          ebering_ecumenical_altar_mist, minmay_mini_jars
D:4:      layout_basic, serial_corexii_hall, chequers_hall_statues_corner_a,
          chequers_hall_statues_wall_a
D:5:      layout_loops_cross, gammafunk_temple_overflow_pools,
          gammafunk_ghost_nasty_kobolds, minmay_splitting_lines,
          nicolae_shop_clearance, uniq_edmund, uniq_pikel
D:6:      layout_cave_pools, minmay_temple_entry_wispy, grunt_decor_arrowhead,
          serial_bayou_lagoon_a
D:7:      layout_layer_cave, lemuel_coloured_pillars_altar, nicolae_tricolors
D:8:      layout_gridville, nicolae_two_hexagons, minmay_misc_feat_four_crosses,
          grunt_ministairs_14
D:9:      layout_loops_ring, special_room [special_room_bee]
D:10:     layout_roguey, hellmonk_lair_entry_icy, uniq_erolcha, uniq_joseph,
          uniq_josephine, uniq_urug
D:11:     layout_roguey, minmay_orc_entry_temple_small
D:12:     layout_big_octagon, corexii_checkpoint, nicolae_demonic_statue_gallery
D:13:     layout_basic
D:14:     layout_long_grid, erik_vaults_2, minmay_misc_feat_x,
          chequers_serial_rivers_micro_b, uniq_louise
Temple:   compressed_dpeg_triangle_lava_temple
Lair:1:   layout_gridlike, grunt_megastairs_5
Lair:2:   minmay_lair_oklob_tunnel, layout_misc_corridors,
          hellmonk_spider_entry_life_and_decay, basic_altar
Lair:3:   layout_loops_ring, minmay_shoals_entry_centaurs, lemuel_fruit_fields,
          infiniplex_staircase_pool_2, uniq_amaemon, uniq_sonja
Lair:4:   layout_gridlike, dpeg_slime_entry_enclosed, infiniplex_staircase_pool,
          grunt_megastairs_2
Lair:5:   due_jungle_book, layout_misc_corridors, serial_bayou_shore_a
Shoals:1: layout_shoals
Shoals:2: layout_shoals
Shoals:3: layout_shoals
Shoals:4: shoals_end_hellmonk_lost_city, uniq_mara
Orc:1:    layout_caves
Orc:2:    st_orc_town, layout_diamond_mine, gauntlet_entry_generic

Skill      XL: |  1  2  3  4  5  6  7  8  9 10 11 12 13 14 15 16 |
---------------+-------------------------------------------------+-----
Invocations    | 1 2 3 4 5 6 7 8 9 10 11 12 | 12.6
Short Blades   | 1 2 3 5 6 7 8 9 10 11 | 11.6
Long Blades    | 1 2 3 5 6 7 8 9 10 11 | 11.6
Axes           | 1 2 3 5 6 7 8 9 10 11 | 11.6
Polearms       | 1 2 3 5 6 7 8 9 10 11 | 11.6
Staves         | 1 2 3 5 6 7 8 9 10 11 | 11.6
Ranged Weapons | 1 2 3 5 6 7 8 9 10 11 | 11.6
Throwing       | 1 2 3 5 6 7 8 9 10 11 | 11.6
Dodging        | 1 2 3 5 6 7 8 9 10 11 | 11.6
Stealth        | 1 2 3 5 6 7 8 9 10 11 | 11.6
Unarmed Combat | 1 2 3 5 6 7 8 9 10 11 | 11.6
Spellcasting   | 1 2 3 5 6 7 8 9 10 11 | 11.6
Evocations     | 1 2 3 5 6 7 8 9 10 11 | 11.6
Shapeshifting  | 1 2 3 4 5 6 7 8 9 10 | 10.7
Conjurations   | 1 2 3 4 5 6 7 8 9 |  9.8
Hexes          | 1 2 3 4 5 6 7 8 9 |  9.8
Summonings     | 1 2 3 4 5 6 7 8 9 |  9.8
Necromancy     | 1 2 3 4 5 6 7 8 9 |  9.8
Translocations | 1 2 3 4 5 6 7 8 9 |  9.8
Fire Magic     | 1 2 3 4 5 6 7 8 9 |  9.8
Ice Magic      | 1 2 3 4 5 6 7 8 9 |  9.8
Air Magic      | 1 2 3 4 5 6 7 8 9 |  9.8
Earth Magic    | 1 2 3 4 5 6 7 8 9 |  9.8
Alchemy        | 1 2 3 4 5 6 7 8 9 |  9.8
Maces & Flails | 5 6 7 8 9 10 11 12 | 12.5
Fighting       | 7 8 9 10 11 12 13 | 13.2
Armour         | 7 8 9 10 11 12 13 | 13.2
Shields        | 7 8 9 10 11 12 13 | 13.2

Action                     |  1- 3 |  4- 6 |  7- 9 | 10-12 | 13-15 | 16-18 || total
---------------------------+-------+-------+-------+-------+-------+-------++-------
  Melee: Flail             |    70 |    20 |       |       |       |       ||    90
         Bite              |     6 |     4 |    10 |    51 |   165 |    44 ||   280
         Spear             |       |    88 |   193 |   511 |  1392 |   574 ||  2758
 Invoke: Heroism           |       |       |       |    16 |    50 |    19 ||    85
         Finesse           |       |       |       |       |       |     1 ||     1
  Evoke: Wand              |       |       |       |    10 |     1 |     4 ||    15
    Use: Potion            |       |       |     1 |       |     7 |     5 ||    13
         Scroll            |       |       |       |    24 |     4 |     4 ||    32
 Armour: Scale mail        |    44 |    17 |       |       |       |       ||    61
         Plate armour      |       |    63 |   191 |   428 |   969 |   367 ||  2018
  Dodge: Dodged            |    30 |    21 |    58 |   177 |   497 |   184 ||   967
  Block: Buckler           |    21 |    19 |    49 |   140 |   398 |       ||   627
         Tower shield      |       |       |       |       |   157 |   621 ||   778

Table legend: (Time is in decaauts)
 A = Elapsed time spent in this place.
 B = Non-inter-level travel time spent in this place.
 C = Inter-level travel time spent in this place.
 D = Time resting spent in this place.
 E = Time spent auto-exploring this place.
 F = Levels seen in this place.
 G = Mean time per level.
                   A        B        C        D        E       F      G
               +--------+--------+--------+--------+--------+-----+--------+
         Total |  27814 |  26580 |   1234 |      0 |  18925 |  27 | 1030.1 |
       Dungeon |  12838 |  12049 |    789 |      0 |   9266 |  14 |  917.0 |
        Temple |     32 |      1 |     31 |      0 |      0 |   1 |   32.0 |
          Lair |   8888 |   8619 |    269 |      0 |   6498 |   5 | 1777.6 |
        Shoals |   3509 |   3501 |      8 |      0 |   2024 |   4 |  877.2 |
  Orcish Mines |   1929 |   1793 |    136 |      0 |    929 |   2 |  964.5 |
      Gauntlet |    615 |    615 |      0 |      0 |    207 |   1 |  615.0 |
               +--------+--------+--------+--------+--------+-----+--------+

Top non-repeatable levels by time:
  Lair:3: 2333 daAuts
  Lair:5: 2085 daAuts
  Lair:4: 1616 daAuts
  Lair:2: 1534 daAuts
   Orc:2: 1457 daAuts
Shoals:3: 1362 daAuts
    D:10: 1342 daAuts
  Lair:1: 1318 daAuts
     D:9: 1302 daAuts
     D:5: 1172 daAuts
     D:6: 999 daAuts
Shoals:1: 996 daAuts
    D:13: 964 daAuts
    D:14: 962 daAuts
     D:4: 951 daAuts
